 Dungeon Crawl Stone Soup version 0.28-a0-1128-gb845255321 (webtiles) character file.

Game seed: 826227209108101207

55 Gargoyl the Skirmisher (level 3, -6/35 HPs)
             Began as a Gnoll Abyssal Knight on Dec 12, 2021.
             Was a Follower of Lugonu.
             Mangled by a gnoll (9 damage)
             ... on level 2 of the Dungeon.
             The game lasted 00:02:01 (1220 turns).

Gargoyl the Skirmisher (Gnoll Abyssal Knight)       Turns: 1220, Time: 00:02:01

Health: -6/35      AC:  5    Str: 14    XL:     3   Next: 93%
Magic:  6/6        EV: 11    Int:  9    God:    Lugonu [*.....]
Gold:   67         SH:  5    Dex: 12    Spells: 4/4 levels left

rFire   . . .      SeeInvis .   a - +2 hand axe
rCold   . . .      Faith    .   d - +2 buckler
rNeg    . . .      Spirit   .   b - +0 leather armour
rPois   .          Reflect  .   c - +1 helmet
rElec   .          Harm     .   (no cloak)
rCorr   .          Rampage  .   (no gloves)
Will    .....                   (no boots)
Stlth   +.........              (no amulet)
HPRegen 0.11/turn               (no ring)
MPRegen 0.10/turn               (no ring)

@: no status effects
A: fangs 1, strong nose, distributed training
a: Renounce Religion, Depart the Abyss


You were on level 2 of the Dungeon.
You worshipped Lugonu.
Lugonu was aware of your devotion.
You visited 1 branch of the dungeon, and saw 2 of its levels.
You visited the Abyss 1 time.

You collected 67 gold pieces.

Inventory:

Hand Weapons
 a - a +2 hand axe (weapon)
Armour
 b - a +0 leather armour (worn)
 c - a +1 helmet (worn)
 d - a +2 buckler (worn)
Potions
 f - a potion of heal wounds
 j - a potion of ambrosia {unknown}


   Skills:
 + Level 6.5 Fighting
 + Level 1.0 Short Blades
 + Level 1.0 Long Blades
 + Level 4.6 Axes
 + Level 1.0 Maces & Flails
 + Level 1.0 Polearms
 + Level 1.0 Staves
 + Level 1.0 Slings
 + Level 1.0 Bows
 + Level 1.0 Crossbows
 + Level 1.0 Throwing
 + Level 4.6 Armour
 + Level 2.6 Dodging
 + Level 1.0 Stealth
 + Level 1.0 Shields
 + Level 1.0 Unarmed Combat
 + Level 1.0 Spellcasting
 + Level 0.7 Conjurations
 + Level 0.7 Hexes
 + Level 0.7 Summonings
 + Level 0.7 Necromancy
 + Level 0.7 Translocations
 + Level 0.7 Transmutations
 + Level 0.7 Fire Magic
 + Level 0.7 Ice Magic
 + Level 0.7 Air Magic
 + Level 0.7 Earth Magic
 + Level 0.7 Poison Magic
 + Level 4.6 Invocations
 + Level 1.0 Evocations


You had 4 spell levels left.
You didn't know any spells.
Your spell library contained the following spells:

 Spells                   Type           Power      Damage    Failure   Level
 Animate Skeleton         Necr           2%         N/A       45%         1
 Pain                     Necr           4%         1d4       45%         1
 Frozen Ramparts          Ice            2%         1d2       83%         3
 Gell's Gravitas          Tloc           1%         N/A       83%         3
 Lesser Beckoning         Tloc           1%         N/A       83%         3
 Teleport Other           Tloc           1%         N/A       83%         3
 Vampiric Draining        Necr           1%         2d6       83%         3
 Ice Form                 Ice/Tmut       1%         N/A       99%         4
 Summon Ice Beast         Ice/Summ       1%         N/A       99%         4


Dungeon Overview and Level Annotations

Branches:
Dungeon (2/15)

Altars:

Shops:
D:1 =


Innate Abilities, Weirdness & Mutations

You have very sharp teeth.
Your uncanny sense of smell can sniff out nearby items.
Your experience applies equally to all skills.


Message History

You hit the gnoll but do no damage. You closely miss the bat.
The bat closely misses you. The gnoll hits you with a +0 flail.
The gnoll hits you with a +0 spear.
You closely miss the gnoll.
The gnoll is moderately wounded.
You closely miss the gnoll. You hit the gnoll. The bat hits you.
The gnoll hits you with a +0 whip. The bat misses you.
You block the gnoll's attack. The gnoll barely misses you.
Unknown command.
You hit the gnoll.
The gnoll is moderately wounded.
You closely miss the gnoll. You hit the gnoll. You miss the bat.
The bat barely misses you. The bat completely misses you.
The gnoll hits you with a +0 whip. The gnoll closely misses you.
The gnoll hits you with a +0 spear.
Unknown command.
You hit the gnoll.
The gnoll is severely wounded.
You hit the gnoll. x2; You closely miss the bat.
You hit the bat.
The bat barely misses you. x2; You block the gnoll's attack.
The gnoll hits you with a +0 flail.
* * * LOW HITPOINT WARNING * * *
The gnoll hits you with a +0 spear.
* * * LOW HITPOINT WARNING * * *
The quokka barely misses you. The gnoll hits you with a +0 whip.
* * * LOW HITPOINT WARNING * * *
Unknown command.
Unknown command.
You hit the gnoll. You bite the gnoll, but do no damage.
The gnoll is almost dead.
You hit the quokka. You miss the bat. You hit the bat.
You kill the bat!
Lugonu accepts your kill.
You hit the gnoll but do no damage. You hit the gnoll.
You kill the gnoll!
Lugonu accepts your kill. The bat hits you.
* * * LOW HITPOINT WARNING * * *
The gnoll hits you with a +0 flail!
You die...

.........##.# #........
#.# #.####.####.##
#.##.........###########
#.##.........##.........
..##....................
..##..........#.....?...
..##..........#†........
#.##.........##g@.......
#..#.........##)gr......
##†#.........##..b......
##.#.........##.........
##...........##.........
###.##.########.........
# #..#.# #.........
####.#.# #######...
..##.#[###########


You could see 2 gnolls, a quokka and a bat.

Vanquished Creatures
  An adder (D:2)
  A gnoll (D:2)
  3 dart slugs
  5 endoplasms
  A giant cockroach (D:1)
  2 goblins (D:1)
  4 hobgoblins
  A jackal (D:1)
  2 quokkas
  4 ball pythons
  5 bats (D:2)
  A frilled lizard (D:1)
  2 kobolds
  6 rats
38 creatures vanquished.

Vanquished Creatures (others)
  5 toadstools (D:1)
5 creatures vanquished.

Grand Total: 43 creatures vanquished

Notes
Turn   | Place    | Note
-------+----------+-------------------------------------------
     0 | Abyss:1  | Gargoyl the Gnoll Abyssal Knight began the quest for the
                  | Orb.
     0 | Abyss:1  | Reached XP level 1. HP: 23/23 MP: 3/3
    63 | Abyss:1  | Noticed a wind drake
    63 | Abyss:1  | a shapeshifter changed into a wind drake
    64 | D:1      | Escaped the Abyss
   232 | D:1      | You fall into a shaft and drop 1 floor!
   332 | D:2      | Reached XP level 2. HP: 29/29 MP: 5/5
   502 | D:2      | Reached XP level 3. HP: 34/35 MP: 6/6
   587 | D:2      | Reached * piety under Lugonu
   701 | D:1      | Found Dergheane's Jewellery Shop.
   906 | D:1      | Reached skill level 1 in Short Blades
   906 | D:1      | Reached skill level 1 in Long Blades
   906 | D:1      | Reached skill level 1 in Maces & Flails
   906 | D:1      | Reached skill level 1 in Polearms
   906 | D:1      | Reached skill level 1 in Staves
   906 | D:1      | Reached skill level 1 in Slings
   906 | D:1      | Reached skill level 1 in Bows
   906 | D:1      | Reached skill level 1 in Crossbows
   906 | D:1      | Reached skill level 1 in Throwing
   906 | D:1      | Reached skill level 1 in Stealth
   906 | D:1      | Reached skill level 1 in Shields
   906 | D:1      | Reached skill level 1 in Unarmed Combat
   906 | D:1      | Reached skill level 1 in Spellcasting
   906 | D:1      | Reached skill level 1 in Evocations
  1220 | D:2      | Mangled by a gnoll

Illustrated notes

Levels and vault maps discovered:
D:1:      ldierk_walled_garden, layout_rooms, serial_shops,
          nicolae_shop_advertising_works [nicolae_subvault_shop_adworks],
          minmay_pentomino_r2
D:2:      layout_basic, hellmonk_ecumenical_altar_run_dry, serial_shops,
          nicolae_shop_waterfront

Skill      XL: |  1  2  3 |
---------------+----------+-----
Short Blades   | 1 |  1.0
Long Blades    | 1 |  1.0
Maces & Flails | 1 |  1.0
Polearms       | 1 |  1.0
Staves         | 1 |  1.0
Slings         | 1 |  1.0
Bows           | 1 |  1.0
Crossbows      | 1 |  1.0
Throwing       | 1 |  1.0
Stealth        | 1 |  1.0
Shields        | 1 |  1.0
Unarmed Combat | 1 |  1.0
Spellcasting   | 1 |  1.0
Evocations     | 1 |  1.0
Fighting       | |  6.5
Axes           | |  4.6
Armour         | |  4.6
Dodging        | |  2.6
Conjurations   | |  0.7
Hexes          | |  0.7
Summonings     | |  0.7
Necromancy     | |  0.7
Translocations | |  0.7
Transmutations | |  0.7
Fire Magic     | |  0.7
Ice Magic      | |  0.7
Air Magic      | |  0.7
Earth Magic    | |  0.7
Poison Magic   | |  0.7
Invocations    | |  4.6

Action                   || total
-------------------------++-------
Melee: Hand axe          ||   100
       Bite              ||    12
Invok: Depart the Abyss  ||     1
  Use: Scroll            ||     5
 Stab: Sleeping          ||     1
Armor: Leather armour    ||    39
Dodge: Dodged            ||    85
Block: Buckler           ||     4

Table legend: (Time is in decaauts)
 A = Elapsed time spent in this place.
 B = Non-inter-level travel time spent in this place.
 C = Inter-level travel time spent in this place.
 D = Time resting spent in this place.
 E = Time spent auto-exploring this place.
 F = Levels seen in this place.
 G = Mean time per level.
                   A        B        C        D        E       F      G
               +--------+--------+--------+--------+--------+-----+--------+
         Total |   1230 |   1200 |     30 |      0 |    840 |   3 |  410.0 |
       Dungeon |   1166 |   1136 |     30 |      0 |    793 |   2 |  583.0 |
         Abyss |     64 |     64 |      0 |      0 |     47 |   1 |   64.0 |
               +--------+--------+--------+--------+--------+-----+--------+

Top non-repeatable levels by time:
     D:2: 625 daAuts
     D:1: 541 daAuts
 Abyss:1: 64 daAuts
